 Dungeon Crawl Stone Soup version 0.31-a0-237-g2d982f9f85 (webtiles) character file.

Game seed: 4606032967606207789

51 qw the Shooter (level 3, -1/29 HPs)
             Began as a Minotaur Hexslinger on July 11, 2023.
             Slain by Sigmund
             ... wielding a +0 scythe
              (8 damage)
             ... on level 3 of the Dungeon.
             The game lasted 00:00:33 (1836 turns).

qw the Shooter (Minotaur Hexslinger)                Turns: 1836, Time: 00:00:34

Health: -1/29      AC:  4    Str: 12    XL:     3   Next: 58%
Magic:  3/3        EV: 12    Int: 10    God:
Gold:   97         SH:  0    Dex: 14    Spells: 3/4 levels left

rFire   . . .        Y - +1 sling
rCold   . . .        (no shield)
rNeg    . . .        d - +0 leather armour {Will+}
rPois   .            (helmet restricted)
rElec   .            (no cloak)
rCorr   .            a - +0 pair of gloves
SInv    .            (no boots)
Will    +....        b - amulet of faith
Stlth   +            (no ring)
HPRegen 0.24/turn    (no ring)
MPRegen 0.08/turn

%: faith
@: confused
A: horns 2, retaliatory headbutt
a: no special abilities


You were on level 3 of the Dungeon.
You visited 1 branch of the dungeon, and saw 3 of its levels.

You collected 97 gold pieces.


Innate Abilities, Weirdness & Mutations

You have a pair of horns on your head.
You reflexively headbutt those who attack you in melee.


   Skills:
 - Level 2.0 Fighting
 + Level 4.1 Ranged Weapons
 - Level 2.1 Dodging
 - Level 1.0 Spellcasting
 - Level 2.0 Hexes


You had 3 spell levels left.
You knew the following spells:

 Your Spells              Type           Power      Damage    Failure   Level
a - Slow                  Hex            16%        N/A       19%         1

Your spell library contained the following spells:

 Spells                   Type           Power      Damage    Failure   Level
 Inner Flame              Hex/Fire       2%         N/A       65%         3
 Portal Projectile        Hex/Tloc       4%         N/A       65%         3
 Cause Fear               Hex            2%         N/A       88%         4

Inventory:

Hand Weapons
 Y - a +1 sling (weapon)
Armour
 a - a +0 pair of gloves (worn)
 d - a +0 leather armour of willpower (worn)
Jewellery
 b - an amulet of faith (around neck)
Potions
 e - a potion of ambrosia {unknown}
 h - a potion of heal wounds {unknown}

Dungeon Overview and Level Annotations

Branches:
Dungeon (3/15)

Altars:

Annotations:
D:2 1 runed translucent door, Crazy Yiuf
D:3 Sigmund


Message History

Enter note:
Enter note:
1814 ||| FLEEEEING.
Sigmund gestures at you while chanting.
You are confused.
1815 ||| DRINKING potion of curing.
You feel better.
1815 ||| (to cure confusion)
1816 ||| STILL FLEEEEING.
1817 ||| FLEEEEING.
1818 ||| FLEEEEING.
Sigmund mumbles some strange words.
Sigmund flickers and vanishes!
Deactivating autopickup; reactivate with Ctrl-A.
1819 ||| STILL FLEEEEING.
1820 ||| STILL FLEEEEING.
1821 ||| STILL FLEEEEING.
A magic dart appears from out of thin air!
The magic dart hits you!
1822 ||| STILL FLEEEEING.
1823 ||| STILL FLEEEEING.
1824 ||| STILL FLEEEEING.
1825 ||| STILL FLEEEEING.
1826 ||| STILL FLEEEEING.
1827 ||| STILL FLEEEEING.
You shoot a sling bullet. You shoot a sling bullet. You shoot a sling bullet.
You shoot a sling bullet. You shoot a sling bullet.
A magic dart appears from out of thin air!
The magic dart hits you. Something hits you!
You shoot a sling bullet. You shoot a sling bullet. Something hits you.
You shoot a sling bullet.
You hear some strange, mumbled words.
You are confused.
You shoot a sling bullet. Something hits you!
You die...

.......
#.##.####......#
.......
#.##...........#
#######
#.#<......####.#
#####.#######.# #.#
#.....# #.# #.#
#.##### #.####.#
#.{.#.# #.#...(#
###.#.#######.#.####
#@#...............
#.#.#######.#.####
#...##..........#
######.####.#.#.##
#.....# #.#.#...
#.########.#.####
#.#........#.....
#.##.############
#.##.# #


There were no monsters in sight!

Vanquished Creatures
  2 adders (D:2)
  A dart slug (D:2)
  3 bats
  2 endoplasms (D:1)
  2 giant cockroaches
  3 goblins (D:2)
  4 hobgoblins
  3 quokkas
  3 ball pythons
  A frilled lizard (D:1)
  2 kobolds (D:1)
  4 rats
30 creatures vanquished.

Notes
Turn   | Place    | Note
-------+----------+-------------------------------------------
     0 | D:1      | qw the Minotaur Hexslinger began the quest for the Orb.
     0 | D:1      | Reached XP level 1. HP: 16/16 MP: 1/1
     0 | D:1      | 0 ||| qw: Version: 0.3-a-52-g30416fa
     0 | D:1      | 0 ||| qw: Game counter: 5637
     0 | D:1      | 0 ||| qw: Melee chars always use a shield: true
     0 | D:1      | 0 ||| qw: God list: Okawaru
     0 | D:1      | 0 ||| qw: Allow faded altars: false
     0 | D:1      | 0 ||| qw: Do Orc after clearing Dungeon:15 true
     0 | D:1      | 0 ||| qw: Do second Lair branch before Depths: true
     0 | D:1      | 0 ||| qw: Lair rune preference: random
     0 | D:1      | 0 ||| qw: Goals: Normal
     0 | D:1      | 0 ||| PLANNING D:1-11
    40 | D:1      | HP: 4/16 [quokka (4)]
   365 | D:1      | Reached skill level 3 in Ranged Weapons
   388 | D:1      | Reached XP level 2. HP: 23/23 MP: 2/2
   391 | D:1      | Found a faded altar of an unknown god.
   730 | D:1      | 730 ||| READING scroll labelled DIKLOK KOHERPH.
   731 | D:1      | 731 ||| READING scroll labelled XUPION OMNILOPH.
   734 | D:1      | 734 ||| DRINKING 2 sapphire potions.
   735 | D:1      | 735 ||| DROPPING scroll of poison.
   866 | D:2      | Reached XP level 3. HP: 29/29 MP: 3/3
   968 | D:2      | Found a runed translucent door.
   969 | D:2      | Noticed Crazy Yiuf
  1122 | D:2      | Reached skill level 4 in Ranged Weapons
  1499 | D:2      | 1499 ||| UPGRADING to +0 leather armour.
  1509 | D:2      | 1509 ||| DROPPING +0 robe.
  1510 | D:2      | 1510 ||| UPGRADING to +0 leather armour of willpower.
  1520 | D:2      | 1520 ||| DROPPING +0 leather armour.
  1521 | D:2      | 1521 ||| UPGRADING to amulet of faith.
  1526 | D:2      | 1526 ||| READING scroll labelled CINTOWKAWEY.
  1527 | D:2      | 1527 ||| READING scroll labelled YSTOQE DITYHOIGYENG.
  1528 | D:2      | 1528 ||| DRINKING 2 sedimented yellow potions.
  1557 | D:2      | 1557 ||| DROPPING potion of lignification.
  1797 | D:3      | Noticed Sigmund
  1806 | D:3      | HP: 7/29 [Sigmund/+0 scythe (10)]
  1807 | D:3      | 1807 ||| UPGRADING to +0 pair of gloves.
  1814 | D:3      | 1814 ||| FLEEEEING.
  1815 | D:3      | 1815 ||| DRINKING potion of curing.
  1815 | D:3      | 1815 ||| (to cure confusion)
  1817 | D:3      | 1817 ||| FLEEEEING.
  1818 | D:3      | 1818 ||| FLEEEEING.
  1832 | D:3      | HP: 7/29 [something (8)]
  1836 | D:3      | Slain by Sigmund

Levels and vault maps discovered:
D:1:      scummos_arrival_checkerplants, layout_loops_ring,
          ebering_ecumenical_altar_box, serial_forest,
          infiniplex_forest_clump_small, infiniplex_forest_lined_corner,
          infiniplex_forest_lined_corner, infiniplex_forest_clump_tiny,
          infiniplex_forest_diagonal
D:2:      layout_loops_ring, uniq_crazy_yiuf_cottage
D:3:      layout_basic, mainiacjoe_overflow_catwalk, nicolae_gozag_seed_capital,
          uniq_sigmund

Skill      XL: |  1  2  3 |
---------------+----------+-----
Ranged Weapons | 3 4 |  4.1
Fighting       | 2 |  2.0
Dodging        | |  2.1
Spellcasting   | |  1.0
Hexes          | |  2.0

Action                     || total
---------------------------++-------
   Fire: Sling             ||   109
    Use: Scroll            ||     4
         Potion            ||     3
 Armour: Robe              ||     4
  Dodge: Dodged            ||    28

Table legend:
 A = Non-vault XP
 B = Vault XP
 C = Vault XP percentage of total XP
 D = Non-vault monster count
 E = Vault monster count
 F = Vault count percentage of total count
                 A         B        C        D         E       F
            +---------+---------+-------+---------+---------+-------
      Total |      74 |       0 |   0.0 |      30 |       0 |   0.0
            +---------+---------+-------+---------+---------+-------
        D:1 |      21 |       0 |   0.0 |      13 |       0 |   0.0
        D:2 |      48 |       0 |   0.0 |      14 |       0 |   0.0
        D:3 |       5 |       0 |   0.0 |       3 |       0 |   0.0
            +---------+---------+-------+---------+---------+-------
